 Dungeon Crawl Stone Soup version 0.28-a0-769-g550dbda0cd (webtiles) character file.

Game seed: 11213702325928034231

55 croobank the Digger (level 3, 0/20 HPs)
             Began as a Gargoyle Earth Elementalist on Nov 1, 2021.
             Slain by Sigmund (10 damage)
             ... on level 2 of the Dungeon.
             The game lasted 00:11:25 (1439 turns).

croobank the Digger (Gargoyle Earth Elementalist)   Turns: 1439, Time: 00:11:26

Health: 0/20       AC:  9    Str: 12    XL:     3   Next: 93%
Magic:  5/6        EV: 12    Int: 15    God:
Gold:   97         SH:  0    Dex: 10    Spells: 3/6 levels left

rFire   . . .      SeeInvis .   f - +0 rapier
rCold   . . .      Faith    .   (no shield)
rNeg    + . .      Spirit   .   b - +0 robe
rPois   ∞          Reflect  .   (no helmet)
rElec   +          Harm     .   (no cloak)
rCorr   .          Rampage  .   (no gloves)
Will    .....                   (no boots)
Stlth   ++........              i - amulet of regeneration
HPRegen 1.06/turn               n - +4 ring of protection
MPRegen 0.10/turn               (no ring)

@: mighty
A: sickness immunity, AC +3, negative energy resistance 1, electricity
resistance, torment resistance 1, petrification resistance
a: no special abilities


You were on level 2 of the Dungeon.
You visited 1 branch of the dungeon, and saw 2 of its levels.

You collected 97 gold pieces.

Inventory:

Hand Weapons
 e - a +0 spear
 f - a +0 rapier (weapon)
 g - a +0 short sword
 m - a +0 mace
Missiles
 c - 34 stones
Armour
 b - a +0 robe (worn)
 d - a +0 ring mail
Jewellery
 i - an amulet of regeneration (around neck)
 l - an amulet of faith
 n - a +4 ring of protection (left hand)
Scrolls
 h - a scroll of teleportation {unknown}
 j - a scroll of summoning {unknown}
 k - a scroll of identify {unknown}
 o - a scroll of fog {unknown}
 p - a scroll of noise {unknown}


   Skills:
 + Level 0.3 Fighting
 + Level 0.3 Short Blades
 + Level 1.9 Dodging
 + Level 2.6 Stealth
 + Level 2.2 Spellcasting
 + Level 0.7 Transmutations
 + Level 4.7 Earth Magic


You had 3 spell levels left.
You knew the following spells:

 Your Spells              Type           Power      Damage    Failure   Level
a - Sandblast             Erth           32%        2d9       3%          1
b - Passwall              Tmut/Erth      7%         N/A       11%         2

Your spell library contained the following spells:

 Spells                   Type           Power      Damage    Failure   Level
 Stone Arrow              Conj/Erth      16%        3d8       24%         3
 Ensorcelled Hibernation  Hex/Ice        2%         N/A       32%         2
 Spider Form              Tmut/Pois      1%         N/A       50%         3
 Petrify                  Tmut/Erth      9%         N/A       56%         4
 Animate Armour           Summ/Erth      16%        N/A       63%         4
 Lehudib's Crystal Spear  Conj/Erth      4%         10d3      100%        8


Dungeon Overview and Level Annotations

Branches:
Dungeon (2/15)

Altars:

Annotations:
D:2 Sigmund


Innate Abilities, Weirdness & Mutations

You are immune to sickness and miasma.
Your stone body is resilient. (AC +3)
You are immune to poison.
You resist negative energy. (rN+)
You are resistant to electric shocks. (rElec)
You are resistant to unholy torment.
You are immune to petrification.


Message History

Sigmund gestures wildly while chanting.
Sigmund flickers and vanishes!
Deactivating autopickup; reactivate with Ctrl-A.
You are too confused!
You feel less confused.
You hear some strange, mumbled words.
You are confused.
You're too confused to move!
You bump into the rock wall.
You feel less confused. Something hits you.
The gnoll hits you but does no damage.
You hit the gnoll.
The gnoll is heavily wounded.
The gnoll barely misses you.
You hit the gnoll.
The gnoll is moderately wounded.
The gnoll hits you with a +0 club!
You closely miss the gnoll.
The gnoll is moderately wounded.
The gnoll closely misses you.
You hit the gnoll.
The gnoll is severely wounded.
Something hits you but does no damage.
Aiming: Sandblast (safe; 3% risk of failure)
Press: ? - help, Q - select action, (/) - cycle Shift-Dir - straight line, f - gnoll
Aim: a gnoll, wielding a +0 flail (heavily wounded, 82% to hit)
The blast of sand hits the gnoll.
The gnoll is severely wounded.
Something hits you! The gnoll closely misses you.
You barely miss the gnoll.
The gnoll is heavily wounded.
The gnoll barely misses you.
You barely miss the gnoll.
The gnoll is heavily wounded.
Something hits you. The gnoll closely misses you.
You barely miss the gnoll.
The gnoll is heavily wounded.
Something hits you!
Ouch! That really hurt!
You die...

#........#
#.#...#..# # #..##
# # #..##..#
#.#......#
#.#.###.##
#.gg{...#
###g#########..
#@#......##.#
#.#.####.##.####
#.#.####.##....#
#......#.##.##.# #
###.##.#.......#.#
#.##.#.##.......
#.........##.#
######.##†...#
#.##.##.###


You could see 3 gnolls.

Vanquished Creatures
  An adder (D:2)
  A dart slug (D:1)
  4 bats (D:1)
  7 endoplasms (D:1)
  3 giant cockroaches (D:1)
  2 goblins (D:1)
  4 hobgoblins (D:1)
  3 kobolds (D:1)
  5 quokkas
  3 ball pythons (D:1)
  2 frilled lizards
  3 rats
38 creatures vanquished.

Notes
Turn   | Place    | Note
-------+----------+-------------------------------------------
     0 | D:1      | croobank the Gargoyle Earth Elementalist began the quest
                  | for the Orb.
     0 | D:1      | Reached XP level 1. HP: 10/10 MP: 3/3
   230 | D:1      | Reached skill level 4 in Earth Magic
   283 | D:1      | Reached XP level 2. HP: 15/15 MP: 3/5
   546 | D:1      | Reached XP level 3. HP: 3/19 MP: 2/6
   830 | D:1      | Learned a level 2 spell: Passwall
  1415 | D:2      | Noticed Sigmund
  1439 | D:2      | Slain by Sigmund

Illustrated notes

Levels and vault maps discovered:
D:1:      psy_arrival_heroes, layout_rooms, minmay_octomino_c4
D:2:      layout_loops_cross, uniq_sigmund

Skill      XL: |  1 |
---------------+----+-----
Earth Magic    | 4 |  4.7
Fighting       | |  0.3
Short Blades   | |  0.3
Dodging        | |  1.9
Stealth        | |  2.6
Spellcasting   | |  2.2
Transmutations | |  0.7

Action                   || total
-------------------------++-------
Melee: Unarmed           ||    11
       Rapier            ||    59
       Spear             ||     9
 Cast: Sandblast         ||    22
  Use: Potion            ||     1
 Stab: Sleeping          ||     2
       Distracted        ||     1
Armor: Robe              ||    26
Dodge: Dodged            ||    62

Table legend: (Time is in decaauts)
 A = Elapsed time spent in this place.
 B = Non-inter-level travel time spent in this place.
 C = Inter-level travel time spent in this place.
 D = Time resting spent in this place.
 E = Time spent auto-exploring this place.
 F = Levels seen in this place.
 G = Mean time per level.
                   A        B        C        D        E       F      G
               +--------+--------+--------+--------+--------+-----+--------+
         Total |   1449 |   1425 |     24 |    254 |    771 |   2 |  724.5 |
       Dungeon |   1449 |   1425 |     24 |    254 |    771 |   2 |  724.5 |
               +--------+--------+--------+--------+--------+-----+--------+

Top non-repeatable levels by time:
     D:1: 1185 daAuts
     D:2: 264 daAuts
